PAA
VIRGINIA PALLADIUM SOX @ ITHACA FIGHTING IMPS
09/14/2041
 
TOP OF THE 1ST
Virginia Palladium Sox batting - Pitching for Ithaca Fighting Imps : LHP Armando González
Pitching: LHP Armando González
Batting: LHB Jeff Griffin 0-0: Ball
1-0: Ball
2-0: Called Strike
2-1: Ball
3-1: Base on Balls
Batting: RHB Pedro Trevino 0-0: Ball
1-0: Called Strike
1-1: Swinging Strike
1-2: Fly out, F6 (Line Drive, 6, EV 66.9 MPH)
Batting: RHB John Wilkerson 0-0: Ball
1-0: Ball
2-0: Called Strike
2-1: Ball
3-1: Base on Balls
Jeff Griffin to second
Batting: RHB Shun Fukui 0-0: Swinging Strike
0-1: Fielders Choice at 2nd, 1-6 (Groundball, 13, EV 61.9 MPH)
Jeff Griffin to third
Batting: RHB Juan Amengual 0-0: Foul Ball, location: 2F
0-1: Swinging Strike
0-2: Ball
1-2: Ground out 5-3 (Groundball, 56S, EV 84.4 MPH)
Top of the 1st over - 0 runs, 0 hits, 0 errors, 2 left on base; Virginia 0 - Ithaca 0
BOTTOM OF THE 1ST
Ithaca Fighting Imps batting - Pitching for Virginia Palladium Sox : RHP Tony Ruvenacht
Pitching: RHP Tony Ruvenacht
Batting: LHB Jimmy Wilcox 0-0: Ball
1-0: Ball
2-0: Ball
3-0: Base on Balls
Batting: RHB Juan Núñez 0-0: Swinging Strike
0-1: Swinging Strike
0-2: Ball
1-2: Ball
2-2: Foul Ball, location: 2F
2-2: Foul Ball, location: 2F
2-2: Strikes out swinging
Batting: SHB Paul Wood 0-0: Swinging Strike
0-1: Foul Ball, location: 2F
0-2: Foul Ball, location: 2F
0-2: Ball
1-2: Ball
2-2: Fielders Choice at 2nd, 6-4 (Groundball, 6M, EV 83.1 MPH)
Batting: RHB Jonathan Elmore 0-0: Ball
1-0: Ball
Paul Wood is caught stealing 2nd base 2-4
Bottom of the 1st over - 0 runs, 0 hits, 0 errors, 0 left on base; Virginia 0 - Ithaca 0
TOP OF THE 2ND
Virginia Palladium Sox batting - Pitching for Ithaca Fighting Imps : LHP Armando González
Batting: RHB Jesús Amengual 0-0: Ball
1-0: Foul Ball, location: 2F
1-1: Ball
2-1: Foul Ball, location: 2F
2-2: Ground out 6-3 (Groundball, 6, EV 90.6 MPH)
Batting: RHB D'Artagnan Rasberry 0-0: Ball
1-0: SINGLE (Groundball, 56D, EV 103.8 MPH)
Batting: LHB Steve Washington 0-0: Ball
1-0: Swinging Strike
1-1: Ball
2-1: Fly out, F7 (Flyball, 7LS, EV 78.1 MPH)
Batting: LHB Xavier Petit 0-0: SINGLE (Flyball, 89S, EV 92.5 MPH)
D'Artagnan Rasberry to second
Runner from 2nd tries for 3rd, SAFE, throw by CF made to third
Batting: LHB Jeff Griffin 0-0: Called Strike
0-1: Ball
1-1: SINGLE (Line Drive, 89M, EV 100.0 MPH)
D'Artagnan Rasberry scores
Xavier Petit to second
Batting: RHB Pedro Trevino 0-0: Called Strike
0-1: Foul Ball, location: 2F
0-2: Strikes out swinging
Top of the 2nd over - 1 run, 3 hits, 0 errors, 2 left on base; Virginia 1 - Ithaca 0
BOTTOM OF THE 2ND
Ithaca Fighting Imps batting - Pitching for Virginia Palladium Sox : RHP Tony Ruvenacht
Batting: RHB Jonathan Elmore 0-0: Called Strike
0-1: Ball
1-1: Called Strike
1-2: Foul Ball, location: 2F
1-2: Ball
2-2: Ball
3-2: Base on Balls
Batting: RHB Patrick Mildren 0-0: Called Strike
0-1: Foul Ball, location: 2F
0-2: Foul Ball, location: 2F
0-2: Ball
1-2: Fly out, F8 (Flyball, 8RD, EV 98.1 MPH)
Batting: RHB Andy Hicks 0-0: Ball
1-0: Ball
2-0: Called Strike
2-1: DOUBLE (Flyball, 89D, EV 111.2 MPH)
Jonathan Elmore to third
Batting: RHB Brant Fields 0-0: Ball
1-0: Swinging Strike
1-1: Ball
2-1: Ball
3-1: Base on Balls
Batting: RHB Everett Garland 0-0: Called Strike
0-1: Ball
1-1: Foul Ball, location: 2F
1-2: Ball
2-2: Grounds into double play, 6-4-3 (Groundball, 6, EV 105.0 MPH)
Bottom of the 2nd over - 0 runs, 1 hit, 0 errors, 2 left on base; Virginia 1 - Ithaca 0
TOP OF THE 3RD
Virginia Palladium Sox batting - Pitching for Ithaca Fighting Imps : LHP Armando González
Batting: RHB John Wilkerson 0-0: Ball
1-0: Ball
2-0: Ball
3-0: Called Strike
3-1: Base on Balls
Batting: RHB Shun Fukui 0-0: Ball
1-0: Ball
2-0: Foul Ball, location: 2F
2-1: Ball
3-1: Base on Balls
John Wilkerson to second
Batting: RHB Juan Amengual 0-0: Called Strike
0-1: Ball
1-1: Swinging Strike
1-2: SINGLE (Line Drive, 89M, EV 93.1 MPH)
John Wilkerson to third
Shun Fukui to second
Batting: RHB Jesús Amengual 0-0: Ball
1-0: Foul Ball, location: 2F
1-1: SINGLE (Groundball, 2L, EV 70.6 MPH) (infield hit)
John Wilkerson scores
Shun Fukui to third
Juan Amengual to second
Batting: RHB D'Artagnan Rasberry 0-0: Ball
1-0: Ball
2-0: Ball
3-0: Called Strike
3-1: Base on Balls
Shun Fukui scores
Juan Amengual to third
Jesús Amengual to second
Batting: LHB Steve Washington 0-0: Ball
1-0: Called Strike
1-1: Fielders Choice at 2nd, 3-6 (Groundball, 3, EV 85.6 MPH)
Juan Amengual scores
Jesús Amengual to third
Batting: LHB Xavier Petit 0-0: Ball
1-0: SINGLE (Line Drive, 4MD, EV 109.4 MPH)
Jesús Amengual scores
Steve Washington to second
Pitching: RHP Alberto Cruz
Batting: LHB Jeff Griffin 0-0: Called Strike
0-1: Foul Ball, location: 2F
0-2: Ball
1-2: SINGLE (Groundball, 6MD, EV 95.6 MPH)
Steve Washington to third
Xavier Petit to second
Runner from 3rd tries for Home, SAFE, no throw by CF
Batting: RHB Pedro Trevino 0-0: Ball
1-0: Foul Ball, location: 2F
1-1: Fielders Choice at 2nd, 6-4 (Groundball, 6, EV 87.5 MPH)
Xavier Petit to third
Batting: RHB John Wilkerson 0-0: Ball
1-0: Ball
2-0: Swinging Strike
2-1: Foul Ball, location: 2F
2-2: Foul Ball, location: 2F
2-2: Ball
3-2: SINGLE (Groundball, 34D, EV 95.0 MPH)
Xavier Petit scores
Pedro Trevino to second
Pedro Trevino to third
Batting: RHB Shun Fukui 0-0: Foul Ball, location: 2F
0-1: Foul Ball, location: 2F
0-2: Ball
1-2: Fly out, F8 (Flyball, 89D, EV 91.9 MPH)
Top of the 3rd over - 6 runs, 5 hits, 0 errors, 2 left on base; Virginia 7 - Ithaca 0
BOTTOM OF THE 3RD
Ithaca Fighting Imps batting - Pitching for Virginia Palladium Sox : RHP Tony Ruvenacht
Batting: RHB Adrian Chandler 0-0: Ball
1-0: Ball
2-0: Called Strike
2-1: Ball
3-1: Reached on error, E2 (Groundball, 13S, EV 65.0 MPH)
Batting: LHB Jimmy Wilcox 0-0: Ball
1-0: Called Strike
1-1: Ball
2-1: Ball
3-1: Base on Balls
Batting: RHB Juan Núñez 0-0: Ball
1-0: Ball
Adrian Chandler steals 3rd base (no throw)
2-0: SINGLE (Groundball, 34, EV 98.8 MPH) (infield hit)
Adrian Chandler scores
Jimmy Wilcox to second
Batting: SHB Paul Wood 0-0: SINGLE (Groundball, 6MD, EV 98.1 MPH)
Jimmy Wilcox to third
Juan Núñez to second
Runner from 3rd tries for Home, SAFE, throw by CF to home
Batting: RHB Jonathan Elmore 0-0: Foul Ball, location: 2F
0-1: Ball
1-1: Called Strike
1-2: Ball
2-2: Ball
3-2: Base on Balls
Juan Núñez to third
Paul Wood to second
Batting: RHB Patrick Mildren 0-0: Ball
1-0: Ball
2-0: Ball
3-0: Base on Balls
Juan Núñez scores
Paul Wood to third
Jonathan Elmore to second
Batting: RHB Andy Hicks 0-0: Swinging Strike
0-1: Ball
1-1: Swinging Strike
1-2: Strikes out looking
Batting: RHB Brant Fields 0-0: Foul Ball, location: 2F
0-1: Ball
1-1: SINGLE (Groundball, 13S, EV 69.4 MPH) (infield hit)
Paul Wood scores
Jonathan Elmore to third
Patrick Mildren to second
Batting: RHB Everett Garland 0-0: Called Strike
0-1: Foul Ball, location: 2F
0-2: Ball
1-2: DOUBLE (Line Drive, 89D, EV 110.0 MPH)
Jonathan Elmore scores
Patrick Mildren scores
Brant Fields to third
Runner from 3rd tries for Home, SAFE, throw by CF to home
Pitching: RHP Hakumele Apelama
Batting: RHB Adrian Chandler 0-0: Foul Ball, location: 2F
0-1: Ground out 6-3 (Groundball, 6, EV 82.5 MPH)
Everett Garland to third
Batting: LHB Jimmy Wilcox 0-0: Ball
1-0: Ball
2-0: Foul Ball, location: 2F
2-1: Foul Ball, location: 2F
2-2: Foul Ball, location: 2F
2-2: Foul Ball, location: 2F
2-2: Reached on error, E5 (Groundball, 5, EV 91.9 MPH)
Everett Garland scores
Batting: RHB Juan Núñez 0-0: Ball
1-0: SINGLE (Flyball, 89S, EV 87.5 MPH)
Jimmy Wilcox to third
Runner from 3rd tries for Home, SAFE, no throw by RF
Batting: SHB Paul Wood 0-0: Called Strike
0-1: Ball
1-1: Foul Ball, location: 2F
1-2: Strikes out swinging
Bottom of the 3rd over - 9 runs, 5 hits, 2 errors, 1 left on base; Virginia 7 - Ithaca 9
TOP OF THE 4TH
Virginia Palladium Sox batting - Pitching for Ithaca Fighting Imps : RHP Alberto Cruz
Batting: RHB Juan Amengual 0-0: Ball
1-0: Fly out, F9 (Flyball, 89M, EV 88.1 MPH)
Batting: RHB Jesús Amengual 0-0: Foul Ball, location: 2F
0-1: Ground out 4-3 (Groundball, 4, EV 83.1 MPH)
Batting: RHB D'Artagnan Rasberry 0-0: Ball
1-0: Ball
2-0: Ground out 6-3 (Groundball, 56, EV 92.5 MPH)
Top of the 4th over - 0 runs, 0 hits, 0 errors, 0 left on base; Virginia 7 - Ithaca 9
BOTTOM OF THE 4TH
Ithaca Fighting Imps batting - Pitching for Virginia Palladium Sox : RHP Hakumele Apelama
Batting: RHB Jonathan Elmore 0-0: Swinging Strike
0-1: Swinging Strike
0-2: Strikes out swinging
Batting: RHB Patrick Mildren 0-0: Ball
1-0: Fly out, F9 (Flyball, 9S, EV 86.2 MPH)
Batting: RHB Andy Hicks 0-0: Ball
1-0: Called Strike
1-1: Foul Ball, location: 2F
1-2: Ball
2-2: Foul Ball, location: 2F
2-2: Fly out, F9 (Flyball, 9S, EV 87.5 MPH)
Bottom of the 4th over - 0 runs, 0 hits, 0 errors, 0 left on base; Virginia 7 - Ithaca 9
TOP OF THE 5TH
Virginia Palladium Sox batting - Pitching for Ithaca Fighting Imps : RHP Alberto Cruz
Batting: LHB Steve Washington 0-0: Called Strike
0-1: Ball
1-1: SOLO HOME RUN (Flyball, 9D, EV 96.2 MPH), Distance : 367 ft
Batting: LHB Xavier Petit 0-0: Ball
1-0: Ball
2-0: Ball
3-0: Base on Balls
Batting: LHB Jeff Griffin 0-0: Bunted foul
0-1: Bunted foul
0-2: Ball
1-2: Foul Ball, location: 2F
1-2: Foul Ball, location: 2F
1-2: Ball
2-2: Foul Ball, location: 2F
2-2: Foul Ball, location: 2F
2-2: Fly out, F4 (Flyball, 4MD, EV 91.2 MPH)
Batting: RHB Pedro Trevino 0-0: Called Strike
0-1: Called Strike
0-2: Foul Ball, location: 2F
0-2: Ball
1-2: Strikes out looking
Batting: RHB John Wilkerson 0-0: Reached on error, E2 (Groundball, 2R, EV 70.6 MPH)
Xavier Petit to third
Batting: RHB Shun Fukui 0-0: Ball
1-0: Ground out 6-3 (Groundball, 6, EV 78.8 MPH)
Top of the 5th over - 1 run, 1 hit, 1 error, 2 left on base; Virginia 8 - Ithaca 9
BOTTOM OF THE 5TH
Ithaca Fighting Imps batting - Pitching for Virginia Palladium Sox : RHP Hakumele Apelama
Batting: RHB Brant Fields 0-0: Called Strike
0-1: Ball
1-1: Called Strike
1-2: Foul Ball, location: 2F
1-2: Strikes out swinging
Batting: RHB Everett Garland 0-0: Foul Ball, location: 2F
0-1: Swinging Strike
0-2: Ball
1-2: Reached on error, E5 (Groundball, 5L, EV 85.6 MPH)
Batting: RHB Adrian Chandler 0-0: Ball
1-0: Swinging Strike
1-1: Ball
2-1: Ball
3-1: SINGLE (Groundball, 56D, EV 106.2 MPH)
Everett Garland to second
Batting: LHB Jimmy Wilcox 0-0: Fielders Choice at 2nd, 6-4 (Groundball, 6, EV 80.6 MPH)
Everett Garland to third
Now at 2B: Xie-li Shiu
Batting: RHB Juan Núñez 0-0: Ground out 1-3 (Groundball, P, EV 91.2 MPH)
Bottom of the 5th over - 0 runs, 1 hit, 1 error, 2 left on base; Virginia 8 - Ithaca 9
TOP OF THE 6TH
Virginia Palladium Sox batting - Pitching for Ithaca Fighting Imps : RHP Alberto Cruz
Batting: RHB Juan Amengual 0-0: SOLO HOME RUN (Line Drive, 7D, EV 103.1 MPH), Distance : 396 ft
Batting: RHB Jesús Amengual 0-0: Ball
1-0: Ball
2-0: Ball
3-0: Base on Balls
Pitching: RHP Moriz Gaidamakin
Batting: RHB D'Artagnan Rasberry 0-0: Called Strike
0-1: Ball
1-1: Fielders Choice at 2nd, 6-4 (Groundball, 6, EV 88.8 MPH)
Batting: LHB Steve Washington 0-0: Ball
1-0: Foul Ball, location: 2F
1-1: Grounds into double play, 4-6-3 (Groundball, 4, EV 102.5 MPH)
Top of the 6th over - 1 run, 1 hit, 0 errors, 0 left on base; Virginia 9 - Ithaca 9
BOTTOM OF THE 6TH
Ithaca Fighting Imps batting - Pitching for Virginia Palladium Sox : RHP Hakumele Apelama
Batting: SHB Paul Wood 0-0: Ball
1-0: Swinging Strike
1-1: Ball
2-1: Ball
3-1: Fly out, F8 (Flyball, 8LD, EV 87.5 MPH)
Batting: RHB Jonathan Elmore 0-0: Called Strike
0-1: Fly out, F6 (Popup, 6M, EV 66.2 MPH)
Batting: RHB Patrick Mildren 0-0: SINGLE (Groundball, 4MD, EV 102.5 MPH)
Batting: RHB Andy Hicks 0-0: Called Strike
0-1: Foul Ball, location: 2F
0-2: Ball
1-2: Ball
2-2: Foul Ball, location: 2F
2-2: Strikes out swinging
Bottom of the 6th over - 0 runs, 1 hit, 0 errors, 1 left on base; Virginia 9 - Ithaca 9
TOP OF THE 7TH
Virginia Palladium Sox batting - Pitching for Ithaca Fighting Imps : RHP Moriz Gaidamakin
Batting: LHB Xavier Petit 0-0: Called Strike
0-1: Foul Ball, location: 2F
0-2: Strikes out swinging
Batting: LHB Jeff Griffin 0-0: Ball
1-0: Called Strike
1-1: Called Strike
1-2: Strikes out looking
Batting: RHB Pedro Trevino 0-0: Called Strike
0-1: Swinging Strike
0-2: Foul Ball, location: 2F
0-2: Strikes out swinging
Top of the 7th over - 0 runs, 0 hits, 0 errors, 0 left on base; Virginia 9 - Ithaca 9
BOTTOM OF THE 7TH
Ithaca Fighting Imps batting - Pitching for Virginia Palladium Sox : RHP Hakumele Apelama
Batting: RHB Brant Fields 0-0: Called Strike
0-1: Foul Ball, location: 2F
0-2: Foul Ball, location: 2F
0-2: Ball
1-2: Foul Ball, location: 2F
1-2: Foul Ball, location: 2F
1-2: Ball
2-2: Ground out 6-3 (Groundball, 6S, EV 83.8 MPH)
Batting: RHB Everett Garland 0-0: Foul Ball, location: 2F
0-1: DOUBLE (Groundball, 5L, EV 111.2 MPH)
Pitching: LHP José Santos
Batting: RHB Adrian Chandler 0-0: Intentional Walk
Batting: LHB Jimmy Wilcox 0-0: Ball
1-0: Foul Ball, location: 2F
1-1: Grounds into double play, 6-4-3 (Groundball, 6, EV 83.8 MPH)
Bottom of the 7th over - 0 runs, 1 hit, 0 errors, 1 left on base; Virginia 9 - Ithaca 9
TOP OF THE 8TH
Virginia Palladium Sox batting - Pitching for Ithaca Fighting Imps : RHP Moriz Gaidamakin
Batting: RHB John Wilkerson 0-0: Ball
1-0: Ball
2-0: Ball
3-0: Base on Balls
Batting: LHB Xie-li Shiu 0-0: Called Strike
0-1: Foul Ball, location: 2F
0-2: Strikes out swinging
Batting: RHB Juan Amengual 0-0: Ball
John Wilkerson is caught stealing 2nd base 2-4
1-0: Ball
2-0: Foul Ball, location: 2F
2-1: Called Strike
2-2: Ball
3-2: Strikes out swinging
Top of the 8th over - 0 runs, 0 hits, 0 errors, 0 left on base; Virginia 9 - Ithaca 9
BOTTOM OF THE 8TH
Ithaca Fighting Imps batting - Pitching for Virginia Palladium Sox : LHP José Santos
Batting: RHB Juan Núñez 0-0: Fly out, F7 (Line Drive, 7, EV 85.6 MPH)
Batting: SHB Paul Wood 0-0: Ball
1-0: Ball
2-0: Ball
3-0: Base on Balls
Batting: RHB Jonathan Elmore 0-0: Ball
Paul Wood is caught stealing 2nd base 2-4
1-0: Foul Ball, location: 2F
1-1: Foul Ball, location: 2F
1-2: Foul Ball, location: 2F
1-2: Foul Ball, location: 2F
1-2: SINGLE (Groundball, 56D, EV 100.6 MPH)
Batting: RHB Patrick Mildren 0-0: Foul Ball, location: 2F
0-1: Foul Ball, location: 2F
0-2: Strikes out swinging, 2-3 out at first.
Bottom of the 8th over - 0 runs, 1 hit, 0 errors, 1 left on base; Virginia 9 - Ithaca 9
TOP OF THE 9TH
Virginia Palladium Sox batting - Pitching for Ithaca Fighting Imps : RHP Moriz Gaidamakin
Batting: RHB Jesús Amengual 0-0: Called Strike
0-1: Called Strike
0-2: Strikes out swinging
Batting: RHB D'Artagnan Rasberry 0-0: Swinging Strike
0-1: Ground out 3-1 (Groundball, 34, EV 105.0 MPH)
Batting: LHB Steve Washington 0-0: Ball
1-0: Ball
2-0: Foul Ball, location: 2F
2-1: Foul Ball, location: 2F
2-2: Ball
3-2: SOLO HOME RUN (Line Drive, 89XD, EV 111.2 MPH), Distance : 423 ft
Batting: LHB Xavier Petit 0-0: Called Strike
0-1: Called Strike
0-2: Ball
1-2: SINGLE (Line Drive, 4MD, EV 103.1 MPH)
Batting: LHB Jeff Griffin 0-0: Called Strike
0-1: Ball
Wild Pitch!
Xavier Petit to second
1-1: SINGLE (Groundball, 4MD, EV 105.0 MPH)
Xavier Petit to third
Runner from 3rd tries for Home, SAFE, throw by CF to home
Pitching: LHP Jimmy Whitney
Batting: RHB Pedro Trevino 0-0: Ball
Jeff Griffin steals 2nd base
1-0: Ball
2-0: Foul Ball, location: 2F
2-1: Foul Ball, location: 2F
2-2: Foul Ball, location: 2F
2-2: Fly out, F9 (Flyball, 9, EV 88.1 MPH)
Top of the 9th over - 2 runs, 3 hits, 0 errors, 1 left on base; Virginia 11 - Ithaca 9
BOTTOM OF THE 9TH
Ithaca Fighting Imps batting - Pitching for Virginia Palladium Sox : LHP José Santos
Pitching: RHP Jim Harris
Batting: RHB Andy Hicks 0-0: Ball
1-0: Foul Ball, location: 2F
1-1: Fly out, F8 (Flyball, 8RM, EV 83.8 MPH)
Batting: RHB Brant Fields 0-0: Called Strike
0-1: Hit by Pitch
Pinch Hitting: LHB Donald McJannett 0-0: Ball
1-0: Called Strike
1-1: Foul Ball, location: 2F
1-2: Ball
2-2: Ball
3-2: Base on Balls
Brant Fields to second
Pinch Hitting: RHB Mike Branch 0-0: Ball
1-0: Ball
2-0: Foul Ball, location: 2F
2-1: Ball
3-1: DOUBLE (Line Drive, 8RXD, EV 107.5 MPH)
Brant Fields scores
Donald McJannett to third
Runner from 3rd tries for Home, SAFE, throw by CF to trailing runner, OUT at third! 8-4-5
Batting: LHB Jimmy Wilcox 0-0: Ball
1-0: Fly out, F8 (Flyball, 89D, EV 91.9 MPH)
Bottom of the 9th over - 2 runs, 1 hit, 0 errors, 0 left on base; Virginia 11 - Ithaca 11
TOP OF THE 10TH
Virginia Palladium Sox batting - Pitching for Ithaca Fighting Imps : LHP Jimmy Whitney
Pitching: RHP António Rodríguez
Now at 2B: Adrián Xirau
Now in LF: Ted Norman
Batting: RHB John Wilkerson 0-0: Ball
1-0: Swinging Strike
1-1: Ball
2-1: Called Strike
2-2: Strikes out swinging
Batting: LHB Xie-li Shiu 0-0: Ball
1-0: Ball
2-0: Called Strike
2-1: Called Strike
2-2: Ball
3-2: Foul Ball, location: 2F
3-2: Foul Ball, location: 2F
3-2: Foul Ball, location: 2F
3-2: SINGLE (Groundball, 4MD, EV 96.2 MPH)
Batting: RHB Juan Amengual 0-0: Ball
1-0: Foul Ball, location: 2F
1-1: Swinging Strike
1-2: Strikes out swinging
Batting: RHB Jesús Amengual 0-0: SINGLE (Groundball, 56D, EV 96.9 MPH)
Xie-li Shiu to second
Batting: RHB D'Artagnan Rasberry 0-0: Ball
1-0: Called Strike
1-1: Fielders Choice at 2nd, 5-4 (Groundball, 56, EV 86.2 MPH)
Top of the 10th over - 0 runs, 2 hits, 0 errors, 2 left on base; Virginia 11 - Ithaca 11
BOTTOM OF THE 10TH
Ithaca Fighting Imps batting - Pitching for Virginia Palladium Sox : RHP Jim Harris
Batting: RHB Juan Núñez 0-0: Swinging Strike
0-1: Foul Ball, location: 2F
0-2: Strikes out swinging
Batting: SHB Paul Wood 0-0: Called Strike
0-1: Foul Ball, location: 2F
0-2: Ground out 6-3 (Groundball, 6S, EV 68.1 MPH)
Batting: RHB Jonathan Elmore 0-0: Ball
1-0: Ground out 6-3 (Groundball, 6, EV 78.1 MPH)
Bottom of the 10th over - 0 runs, 0 hits, 0 errors, 0 left on base; Virginia 11 - Ithaca 11
TOP OF THE 11TH
Virginia Palladium Sox batting - Pitching for Ithaca Fighting Imps : RHP António Rodríguez
Batting: LHB Steve Washington 0-0: Ball
1-0: Foul Ball, location: 2F
1-1: Ball
2-1: Ball
3-1: Base on Balls
Batting: LHB Xavier Petit 0-0: Fielders Choice at 2nd, 6-4 (Groundball, 6M, EV 88.1 MPH)
Batting: LHB Jeff Griffin 0-0: SINGLE (Groundball, 4, EV 102.5 MPH) (infield hit)
Xavier Petit to second
Pinch Hitting: SHB Manuel Ortíz 0-0: Ball
1-0: Called Strike
1-1: Swinging Strike
1-2: Strikes out looking
Batting: RHB John Wilkerson 0-0: Called Strike
0-1: Ball
1-1: Called Strike
1-2: Ball
2-2: Ball
3-2: SINGLE (Flyball, 7S, EV 93.1 MPH)
Xavier Petit to third
Jeff Griffin to second
Xavier Petit scores
Jeff Griffin to third
Batting: LHB Xie-li Shiu 0-0: Ball
1-0: Called Strike
1-1: Ball
2-1: Ball
3-1: SINGLE (Line Drive, 7S, EV 103.8 MPH)
Jeff Griffin scores
John Wilkerson to second
Batting: RHB Juan Amengual 0-0: Swinging Strike
0-1: Foul Ball, location: 2F
0-2: Ball
1-2: Foul Ball, location: 2F
1-2: Foul Ball, location: 2F
1-2: Ball
2-2: Foul Ball, location: 2F
2-2: Strikes out swinging
Top of the 11th over - 2 runs, 3 hits, 0 errors, 2 left on base; Virginia 13 - Ithaca 11
BOTTOM OF THE 11TH
Ithaca Fighting Imps batting - Pitching for Virginia Palladium Sox : RHP Jim Harris
Pitching: RHP Daryl Dwyer
Now at 1B: John Batman
Batting: RHB Patrick Mildren 0-0: Foul Ball, location: 2F
0-1: Ball
1-1: Swinging Strike
1-2: Ball
2-2: Fly out, F4 (Line Drive, 4, EV 62.5 MPH)
Batting: RHB Andy Hicks 0-0: Called Strike
0-1: Called Strike
0-2: Ball
1-2: Foul Ball, location: 2F
1-2: Strikes out looking
Batting: RHB Brant Fields 0-0: Foul Ball, location: 2F
0-1: Called Strike
0-2: Ball
1-2: Strikes out looking
Bottom of the 11th over - 0 runs, 0 hits, 0 errors, 0 left on base; Virginia 13 - Ithaca 11
Tuesday, January 5th, 2021 - OOTP Baseball 20.8 Build 74